Map: Curious Minds LE

Players

RevMuun - Winner!

  • Race: Protoss Protoss

VOD

Have the link to the VOD?

Description

Time

  • Played on: Dec. 27, 2021, 7:03 p.m.
  • Length: 12:17
Show
View Real Time Build Order
Export as new Build Order

RevMuun Protoss - Winner!

Build Orders:  

Get SALT Encoding   

  12  0:09  Probe (Chrono Boost)  
  13  0:26  Probe (Chrono Boost)  
  14  0:43  Probe (Chrono Boost)  
  15  0:52  Pylon  
  15  1:19  Probe (Chrono Boost)  
  16  1:24  Assimilator  
  16  1:32  Gateway  
  16  1:44  Probe (Chrono Boost)  
  17  2:00  Nexus  
  17  2:03  Probe (Chrono Boost)  
  19  2:20  Probe (Chrono Boost)  
  19  2:37  Probe (Chrono Boost)  
  19  2:39  Cybernetics Core  
  20  3:03  Probe (Chrono Boost)  
  21  3:24  Probe (Chrono Boost)  
  23  3:50  Probe (Chrono Boost)  
  23  3:51  Probe (Chrono Boost)  
  25  4:07  Probe (Chrono Boost)  
  25  4:08  Probe (Chrono Boost)  
  25  4:09  Stargate  
  27  4:19  Pylon  
  27  4:24  Probe (Chrono Boost)  
  27  4:25  Probe (Chrono Boost)  
  29  4:36  Unknown  
  31  4:48  Gateway  
  31  5:04  Unknown  
  33  5:13  Probe  
  33  5:14  Probe  
  35  5:27  Oracle  
  38  5:36  Assimilator  
  38  5:49  Unknown, Assimilator  
  40  6:35  Unknown, Pylon  
  40  6:53  Probe x2  
  42  7:10  Probe x2  
  42  7:17  Oracle  
  47  7:22  Warp Gate  
  49  7:34  Probe  
  52  7:51  Probe  
  53  8:10  Unknown, Nexus  
  53  8:12  Unknown  
  53  8:19  Pylon  
  53  8:26  Pylon  
  53  8:35  Probe  
  54  8:44  Probe  
  58  8:53  Oracle (Chrono Boost), Adept x2  
  62  9:08  Pylon  
  62  9:34  Adept  
  62  9:35  Adept  
  66  9:43  Probe  
  66  9:44  Probe  
  68  9:55  Probe  
  69  10:00  Probe  
  69  10:01  Probe  
  71  10:12  Adept, Probe  
  71  10:15  Adept  
  75  10:29  Probe  
  74  10:46  Probe  
  75  10:54  Adept  
  77  11:04  Pylon  
  77  11:29  Probe  
  78  12:04  Adept x2  
Tags
 
Add a new tag
Caveats
  • Supply blocks, unpowered buildings, or Contaminate may cause inaccurate times.
  • Supply counts are checked every 10 seconds.